 Dungeon Crawl Stone Soup version 0.22-a0-480-g991dd4b (webtiles) character file.

11895 lungs the Fighter (level 11, -6/107 HPs)
             Began as a Minotaur Berserker on June 15, 2018.
             Was a High Priest of Trog.
             Mangled by a two-headed ogre
             ... wielding a +0 giant club
              (10 damage)
             ... on level 11 of the Dungeon on June 17, 2018.
             The game lasted 03:40:24 (18278 turns).

lungs the Fighter (Minotaur Berserker)             Turns: 18278, Time: 03:40:25

Health: -6/107     AC: 13    Str: 24    XL:     11   Next: 55%
Magic:  10/10      EV: 12    Int:  4    God:    Trog [*****.]
Gold:   444        SH:  0    Dex: 11    Spells: 10/10 levels left

rFire    x . .     SeeInvis .   Q - +0 great mace
rCold    + . .     Gourm    .   (shield currently unavailable)
rNeg     . . .     Faith    .   H - +1 chain mail
rPois    .         Spirit   .   (helmet restricted)
rElec    .         Reflect  .   (no cloak)
rCorr    .         Harm     .   b - +0 pair of gloves
MR       .....                  (no boots)
Stlth    ..........             (no amulet)
HPRegen  0.27/turn              n - ring of ice
MPRegen  0.12/turn              (no ring)

@: drained
A: retaliatory headbutt, horns 2
a: Berserk, Trog's Hand, Brothers in Arms, Renounce Religion


You were on level 11 of the Dungeon.
You worshipped Trog.
Trog was extremely pleased with you.
You were very hungry.

You visited 2 branches of the dungeon, and saw 12 of its levels.
You also visited: Ossuary and Bailey.

You collected 777 gold pieces.
You spent 333 gold pieces at shops.

Inventory:

Hand Weapons
 a - a +1 mace
 f - a +2 spear of piercing
 k - a +3 scimitar
 w - a +0 hunting sling
 J - the +9 long sword of Poodui {venom, Dex+5, unknown}
   (You found it on level 4 of the Dungeon)

   It poisons the flesh of those it strikes.
   It affects your dexterity (+5).
 N - a +0 scimitar
 Q - a +0 great mace (weapon)
 T - a +4 dire flail of crushing
Missiles
 c - 146 sling bullets
 C - 7 poisoned javelins
 X - 11 tomahawks (quivered)
Armour
 b - a +0 pair of gloves (worn)
 d - a +0 troll leather armour
 F - a +2 hat of see invisible
 H - a +1 chain mail (worn)
Jewellery
 m - an uncursed ring of resist corrosion
 n - a ring of ice (left hand)
 p - an uncursed amulet of faith
 x - an uncursed ring of flight
 B - an uncursed ring of teleportation
 L - a +2 amulet of reflection
 P - an uncursed ring of see invisible
 V - a +6 ring of protection {unknown}
Wands
 v - a wand of scattershot (6)
 Z - a wand of digging (18)
Scrolls
 i - 4 scrolls of amnesia
 l - 2 scrolls of fog
 q - 2 scrolls of teleportation
 r - 2 scrolls of fear
 t - a scroll of summoning
 y - 4 scrolls of immolation
 G - 6 scrolls of enchant armour
 K - 2 scrolls of remove curse
 U - 2 scrolls of enchant weapon
 W - a scroll of random uselessness
Potions
 e - 2 potions of might
 j - 11 potions of curing
 o - 3 potions of brilliance
 u - 2 potions of resistance
 z - a potion of degeneration {unknown}
 D - 2 potions of magic {unknown}
 E - a potion of flight {unknown}
 I - 5 potions of heal wounds
 M - 2 potions of agility {unknown}
 O - a potion of mutation {unknown}
 R - 5 potions of lignification
 S - 2 potions of ambrosia {unknown}
Comestibles
 g - 6 chunks of flesh
 h - 12 rations


   Skills:
 * Level 13.2 Fighting
 + Level 10.1 Maces & Flails
 * Level 5.9(5.8) Throwing
 + Level 9.7 Armour
 + Level 9.0(8.9) Dodging


You had 10 spell levels left.
You didn't know any spells.
Your spell library was empty.

Dungeon Overview and Level Annotations

Branches:
Dungeon (11/15)            Temple (1/1) D:5            Lair (0/6) D:11
    Orc (0/2) D:11

Altars:
Ashenzari
Cheibriados
Dithmenos
Elyvilon
Fedhas
Gozag
Hepliaklqana
Kikubaaqudgha
Makhleb
Nemelex Xobeh
Okawaru
Qazlal
Ru
Sif Muna
Trog
Uskayaw
Vehumet
Wu Jian
Xom
Yredelemnul
Zin
The Shining One

Shops:
D:4 (   D:8 *   D:9 [

Annotations:
D:11 exclusion: oklob plant


Innate Abilities, Weirdness & Mutations

You reflexively headbutt those who attack you in melee.
You have a pair of horns on your head.


Message History

Trog accepts your kill.
A two-headed ogre comes into view. It is wielding two giant clubs.
Things that are here:
a halberd; 14 gold pieces; a flail You feel sick.
Things that are here:
a halberd; 14 gold pieces; a flail You see here a spear.
You hit the two-headed ogre but do no damage.
You headbutt the two-headed ogre, but do no damage.
You feel sick.
You are no longer poisoned.
The two-headed ogre hits you with a giant club!
* * * LOW HITPOINT WARNING * * *
The two-headed ogre barely misses you.
You thump the two-headed ogre!
The two-headed ogre is lightly wounded.
The two-headed ogre hits you but does no damage.
The two-headed ogre hits you with a giant club!
You die...

#...[..###....#
#..)≈###..
#..........$..# #..))#
### #...........###
#...≈## .............#
#...≈.# .....o.......#
#..)≈.# #.....####...#
#...≈.# ...8....
#..[#####...≈.#
.........#.))()......≈.#
.........O@))........≈.#
...>....8....######..≈.#
..........# #.#≈##
...?..#...# #.#≈# ###
8.....#...# #.#≈###..
...####...# #.#≈≈≈≈≈≈
.## #...# #........
#...######........
#...........######


You could see a two-headed ogre.

Vanquished Creatures
  Gastronok (D:8)
  A hydra (D:8)
  Joseph (D:7)
  A gargoyle (D:10)
  A troll (D:11)
  Grinder (D:5)
  2 hornets
  Prince Ribbit (D:7)
  2 dream sheep (D:8)
  3 hippogriffs
  The ghost of KristoblXynda the Magician, an amateur DECj (D:4)
  A wyvern (D:8)
  5 yaks
  Edmund (D:5)
  Menkaure (Ossuary)
  Duvessa (D:5)
  A water moccasin (D:10)
  3 sky beasts
  A black bear (D:6)
  5 ice beasts
  4 orc warriors
  A necrophage (D:9)
  2 ogres
  2 phantoms
  4 centaurs
  3 big kobolds (D:8)
  9 gnoll sergeants
  Blork the orc (D:5)
  5 bullfrogs
  Dowan (D:5)
  A water moccasin zombie (D:10)
  2 scorpions
  5 wights (D:6)
  19 killer bees
  3 howler monkeys
  3 crimson imps
  A bullfrog zombie (D:6)
  7 hounds
  Crazy Yiuf (D:2)
  A jelly (D:8)
  2 bullfrog skeletons
  4 orc priests
  15 orc wizards
  Jessica (D:3)
  6 gnoll shamans (Bailey)
  Terence (D:2)
  2 iguanas
  4 worker ants
  A hound skeleton (D:8)
  2 mummies (Ossuary)
  15 adders
  30 gnolls
  A howler monkey skeleton (D:4)
  A shadow imp (D:10)
  4 oozes
  An adder zombie (D:5)
  An adder skeleton (D:9)
  2 worms
  A dart slug (D:2)
  6 leopard geckos
  49 orcs
  5 giant cockroaches
  3 gnoll zombies (Ossuary)
  4 goblins
  9 hobgoblins
  2 jackals (D:5)
  7 quokkas
  A ball python zombie (D:4)
  6 bats
  3 gnoll skeletons (Ossuary)
  5 goblin skeletons (Ossuary)
  4 goblin zombies (Ossuary)
  2 hobgoblin skeletons (Ossuary)
  8 kobolds
  2 kobold skeletons (Ossuary)
  2 kobold zombies (Ossuary)
  A leopard gecko skeleton (D:4)
  A leopard gecko zombie (D:6)
  An orc skeleton (Ossuary)
  3 orc zombies (Ossuary)
  7 rats
  2 rat skeletons (Ossuary)
  3 rat zombies (Ossuary)
  A spectral orc (D:4)
  2 bushes (D:1)
  2 fungi (D:2)
  3 plants (D:1)
347 creatures vanquished.

Vanquished Creatures (others)
  A mummy (Ossuary)
  A gnoll skeleton (Ossuary)
  3 goblin skeletons (Ossuary)
  2 goblin zombies (Ossuary)
  3 hobgoblin skeletons (Ossuary)
  2 hobgoblin zombies (Ossuary)
  A kobold skeleton (Ossuary)
  4 kobold zombies (Ossuary)
  2 orc zombies (Ossuary)
  2 rat skeletons (Ossuary)
21 creatures vanquished.

Grand Total: 368 creatures vanquished

Notes
Turn   | Place    | Note
-------+----------+-------------------------------------------
     0 | D:1      | lungs the Minotaur Berserker began the quest for the Orb.
     0 | D:1      | Reached XP level 1. HP: 19/19 MP: 0/0
   384 | D:1      | Reached skill level 4 in Fighting
   384 | D:1      | Reached XP level 2. HP: 20/27 MP: 1/1
  1311 | D:1      | Reached XP level 3. HP: 33/33 MP: 2/2
  2250 | D:1      | Reached XP level 4. HP: 33/41 MP: 3/3
  2314 | D:2      | Found a sacrificial altar of Ru.
  2412 | D:2      | Reached skill level 5 in Fighting
  2982 | D:2      | Noticed Terence
  2996 | D:2      | Killed Terence
  2996 | D:2      | Reached XP level 5. HP: 32/48 MP: 4/4
  3142 | D:2      | Found a runed door.
  3146 | D:2      | Noticed Crazy Yiuf
  3157 | D:2      | Killed Crazy Yiuf
  3507 | D:2      | Found a snail-covered altar of Cheibriados.
  3510 | D:2      | Found a burning altar of Makhleb.
  3535 | D:2      | Found a sacrificial altar of Ru.
  3547 | D:2      | Found a hazy altar of Hepliaklqana.
  4103 | D:3      | Reached XP level 6. HP: 49/57 MP: 5/5
  4170 | D:3      | Reached skill level 6 in Fighting
  4170 | D:3      | Reached skill level 5 in Maces & Flails
  4180 | D:3      | Noticed Jessica
  4200 | D:3      | Killed Jessica
  4464 | D:3      | Reached ** piety under Trog
  4623 | D:3      | Found a faded altar of an unknown god.
  5433 | D:4      | Noticed a hippogriff
  5695 | D:4      | Killed a hippogriff
  5695 | D:4      | Reached XP level 7. HP: 64/64 MP: 6/6
  5720 | D:4      | Reached skill level 7 in Fighting
  5780 | D:4      | Reached skill level 5 in Armour
  5793 | D:4      | Noticed KristoblXynda's ghost (amateur DECj)
  5812 | D:4      | Killed KristoblXynda's ghost
  5927 | D:4      | Got a smoking long sword
  6144 | D:4      | Reached XP level 8. HP: 43/74 MP: 7/7
  6145 | D:4      | Reached skill level 5 in Dodging
  6303 | D:4      | Reached skill level 8 in Fighting
  6500 | D:4      | Found Otodwuri's Weapon Emporium.
  6617 | D:4      | Found a basalt altar of Yredelemnul.
  6736 | D:4      | Bought a +0 scimitar for 40 gold pieces
  6736 | D:4      | Bought 4 tomahawks for 20 gold pieces
  6776 | D:5      | Entered Level 5 of the Dungeon
  6856 | D:5      | Noticed Edmund
  6864 | D:5      | Killed Edmund
  6920 | D:5      | Found a sparkling altar of Nemelex Xobeh.
  6939 | D:5      | Noticed Grinder
  6940 | D:5      | Paralysed by Grinder for 5 turns
  6947 | D:5      | Killed Grinder
  6971 | D:5      | Found a sand-covered staircase.
  6987 | Ossuary  | Entered an ossuary
  7096 | Ossuary  | Reached *** piety under Trog
  7424 | Ossuary  | Noticed Menkaure
  7431 | Ossuary  | Killed Menkaure
  7431 | Ossuary  | Reached skill level 9 in Fighting
  7527 | D:5      | Noticed Blork the orc
  7534 | D:5      | Killed Blork the orc
  7678 | D:5      | Noticed Duvessa
  8066 | D:5      | Found a staircase to the Ecumenical Temple.
  8574 | D:5      | Killed Duvessa
  8574 | D:5      | Reached XP level 9. HP: 77/84 MP: 8/8
  8584 | D:5      | Noticed Dowan
  8597 | D:5      | Killed Dowan
  8597 | D:5      | Received a gift from Trog
  8916 | Temple   | Entered the Ecumenical Temple
  9507 | D:6      | Reached skill level 10 in Fighting
  9670 | D:6      | Found a blossoming altar of Fedhas.
  9916 | D:6      | Found an opulent altar of Gozag.
 10348 | D:6      | Found a hide-covered altar of Uskayaw.
 10401 | D:6      | Found an ornate altar of the Wu Jian Council.
 10514 | D:7      | Noticed Prince Ribbit
 10544 | D:7      | Killed Prince Ribbit
 10607 | D:7      | Reached **** piety under Trog
 11025 | D:7      | Noticed Joseph
 11042 | D:7      | Killed Joseph
 11042 | D:7      | Reached skill level 11 in Fighting
 11785 | D:8      | Reached XP level 10. HP: 96/96 MP: 9/9
 11830 | D:8      | Noticed Gastronok
 12442 | D:8      | Found an ancient bone altar of Kikubaaqudgha.
 12586 | D:8      | Reached skill level 1 in Throwing
 12941 | D:8      | Noticed a three-headed hydra
 12948 | D:8      | Killed a three-headed hydra
 12948 | D:8      | Reached skill level 12 in Fighting
 13213 | D:8      | Killed Gastronok
 13445 | D:8      | Found Qobienne's General Store.
 13528 | D:8      | Bought a scroll of identify for 28 gold pieces
 13528 | D:8      | Bought a ration for 70 gold pieces
 13528 | D:8      | Bought a ration for 70 gold pieces
 13528 | D:8      | Bought a scroll of enchant weapon for 105 gold pieces
 13642 | D:9      | Found Sungicur's Antique Armour Emporium.
 14167 | D:9      | Reached XP level 11. HP: 85/105 MP: 10/10
 14637 | D:9      | Found a radiant altar of Vehumet.
 14980 | D:9      | Found a deep blue altar of Sif Muna.
 15114 | D:10     | Entered Level 10 of the Dungeon
 15262 | D:10     | Received a gift from Trog
 15611 | D:10     | Received a gift from Trog
 15868 | D:10     | Reached skill level 5 in Throwing
 16173 | D:10     | Reached skill level 13 in Fighting
 16381 | D:10     | Reached skill level 10 in Maces & Flails
 16692 | D:11     | Found a flagged portal.
 16729 | Bailey   | Entered a bailey
 16742 | Bailey   | Reached ***** piety under Trog
 18201 | D:11     | Found a staircase to the Lair.
 18201 | D:11     | Noticed an oklob plant
 18209 | D:11     | Found a staircase to the Orcish Mines.
 18248 | D:11     | Paralysed by a hornet for 2 turns
 18254 | D:11     | Paralysed by a hornet for 2 turns
 18260 | D:11     | Received a gift from Trog
 18271 | D:11     | Noticed a two-headed ogre
 18277 | D:11     | HP: 3/107 [two-headed ogre/giant club (9)]
 18278 | D:11     | Mangled by a two-headed ogre

Vault maps used:
D:1:      minmay_arrival_widening_spiral_wide, serial_forest,
          infiniplex_forest_clump_curved, infiniplex_forest_straight_3,
          infiniplex_forest_clump_double, infiniplex_forest_zigzag_1,
          infiniplex_forest_lined_room_3, infiniplex_forest_end_1
D:2:      grunt_temple_overflow_cloverleaf, first_ration, hangedman_ru_absence,
          uniq_crazy_yiuf_cottage, uniq_terence
D:3:      minmay_door_path, chequers_ecumenical_altar_island, uniq_jessica
D:4:      yredelemnul_forgotten_temple_becter, serial_shops, shop_statue
D:5:      nicolae_overflow_crystal_walls, minmay_temple_entry_purple_smoke,
          nicolae_ossuary_entry_monument, uniq_duvessa, uniq_grinder,
          uniq_edmund, uniq_blork_the_orc
D:6:      old_standard_altar, kennysheep_mini, old_standard_altar, basic_altar
D:7:      uniq_prince_ribbit1, uniq_joseph
D:8:      kiku_gazebo_pond_becter, serial_shops, shop_statue, hangedman_ranch,
          grunt_ministairs_8, uniq_gastronok
D:9:      lemuel_crystal_altar, tgw_sif, serial_shops, shop,
          serial_bayou_pond_c, kennysheep_generic_room_11
D:11:     dpeg_oklobed_lair, david_orc_2, lightli_bailey_entry_fortress
Temple:   jpeg_temple_alley_garden
Ossuary:  ossuary_due_pyramid
Bailey:   bailey_polearm_gnolls_kennysheep, bailey

Skill      XL: |  1  2  3  4  5  6  7  8  9 10 11 |
---------------+----------------------------------+-----
Fighting       | 4 5 6 7 9 11 12 13 | 13.2
Maces & Flails | 4 5 6 7 8 9 10 | 10.1
Armour         | 3 4 5 6 8 9 |  9.7
Dodging        | 3 4 6 7 8 9 |  9.0
Throwing       | 4 5 |  5.9

Action                   |  1- 3 |  4- 6 |  7- 9 | 10-12 || total
-------------------------+-------+-------+-------+-------++-------
Melee: Mace              |   228 |   145 |   342 |   311 ||  1026
       Headbutt          |    80 |    32 |    82 |   101 ||   295
       Great mace        |       |       |       |   153 ||   153
Throw: Stone             |     1 |    19 |    41 |       ||    61
       Tomahawk          |       |       |    30 |    18 ||    48
       Javelin           |       |       |       |     9 ||     9
Invok: Berserk           |     2 |     5 |     8 |     8 ||    23
       Trog's Hand       |       |     1 |     1 |       ||     2
       Brothers in Arms  |       |       |       |     1 ||     1
  Use: Scroll            |       |     9 |     3 |    17 ||    29
  Eat: Ration            |     2 |     3 |     6 |     4 ||    15
       Chunk             |       |     4 |    10 |    12 ||    26
Armor: Scale mail        |    12 |    37 |       |       ||    49
       Chain mail        |       |    16 |   239 |   303 ||   558
       Skin              |       |    12 |       |       ||    12
Dodge: Dodged            |    38 |    70 |   234 |   434 ||   776

Table legend:
 A = Spawn XP
 B = Non-spawn XP
 C = Spawn XP percentage of total XP
 D = Spawn monster count
 E = Non-spawn monster count
 F = Spawn count percentage of total count
 G = Total turns spent on level
                    A         B        C        D         E        F      G
               +---------+---------+-------+---------+---------+-------+---------
         Total |       0 |   16993 |   0.0 |       0 |     332 |   0.0 | 18278
               +---------+---------+-------+---------+---------+-------+---------
           D:1 |       0 |     152 |   0.0 |       0 |      23 |   0.0 |  2443
           D:2 |       0 |     133 |   0.0 |       0 |      17 |   0.0 |  1304
           D:3 |       0 |     381 |   0.0 |       0 |      33 |   0.0 |  1897
           D:4 |       0 |     919 |   0.0 |       0 |      27 |   0.0 |  1132
           D:5 |       0 |    1244 |   0.0 |       0 |      20 |   0.0 |  1664
           D:6 |       0 |     997 |   0.0 |       0 |      16 |   0.0 |  1139
           D:7 |       0 |    1558 |   0.0 |       0 |      17 |   0.0 |  1674
           D:8 |       0 |    4497 |   0.0 |       0 |      27 |   0.0 |  1453
           D:9 |       0 |    1596 |   0.0 |       0 |      21 |   0.0 |  1525
          D:10 |       0 |    3057 |   0.0 |       0 |      39 |   0.0 |  1480
          D:11 |       0 |    1123 |   0.0 |       0 |      37 |   0.0 |   355
       Ossuary |       0 |     132 |   0.0 |       0 |      25 |   0.0 |   532
        Bailey |       0 |    1204 |   0.0 |       0 |      30 |   0.0 |  1329
               +---------+---------+-------+---------+---------+-------+---------
